 Seeded DCSS version 0.31-a0-149-g3fdcc5976a (webtiles) character file.

Game seed: 13756538122855080540 (custom seed)

32796 Pimp the Nimble (level 13, -3/65 HPs)
             Began as a Spriggan Venom Mage on June 7, 2023.
             Was an Initiate of Gozag.
             Killed from afar by an air elemental (9 damage)
             ... with a stunning burst
             ... on level 1 of the Elven Halls.
             The game lasted 01:02:47 (15640 turns).

Pimp the Nimble (Spriggan Venom Mage)              Turns: 15640, Time: 01:02:48

Health: -3/65      AC: 13    Str: 10    XL:     13   Next: 33%
Magic:  16/29      EV: 17    Int: 28    God:    Gozag
Gold:   2457       SH:  0    Dex: 14    Spells: 18/35 levels left

rFire   + + .        T - staff of conjuration "Ihuen" {Will- Int+7}
rCold   x . .        (shield currently unavailable)
rNeg    . . .        v - +2 fire dragon scales
rPois   +            o - +0 hat "Rihostyk" {Will+ Regen+ Int+2}
rElec   .            h - +0 cloak
rCorr   .            (gloves unavailable)
SInv    +            (boots unavailable)
Will    ++...        i - amulet of magic regeneration
Stlth   +            p - ring of wizardry
HPRegen 1.10/turn    I - ring of poison resistance
MPRegen 0.61/turn

%: wizardry (x1)
@: radiating poison, gold aura, very quick
A: very small, no large weapons, unfitting armour, see invisible, speed 3,
strong 1
a: Renounce Religion, Potion Petition, Call Merchant, Bribe Branch


You were on level 1 of the Elven Halls.
You worshipped Gozag.
Gozag was most pleased with you.
You visited 4 branches of the dungeon, and saw 16 of its levels.
You also visited: Sewer and Bailey.

You collected 4806 gold pieces.
You spent 2248 gold pieces at shops.
You paid 101 gold pieces to Gozag.

Inventory:

Hand Weapons
 g - a +3 dagger of protection
Missiles
 n - 15 throwing nets
Armour
 a - a +0 robe
 f - an orb of guile
 h - a +0 cloak (worn)
 o - the +0 hat "Rihostyk" (worn) {Will+ Regen+ Int+2}
   (You acquired it on level 3 of the Dungeon)

   Int:       It affects your intelligence (+2).
   Regen:     It increases your rate of health regeneration.
   Will:      It increases your willpower.
 v - +2 fire dragon scales (worn)
 M - a +2 robe of cold resistance
Magical Staves
 e - a staff of poison
 T - the staff of conjuration "Ihuen" (weapon) {Will- Int+7}
   (You bought it in a shop on level 9 of the Dungeon)

   [staff of conjuration]

   Base accuracy: +5 Base damage: 5 Base attack delay: 1.2 This weapon's minimum
   attack delay (0.6) is reached at skill level 12.
   Int:       It affects your intelligence (+7).
   Will:      It decreases your willpower.
   It falls into the 'Staves' category.
   It is a two-handed weapon.
Jewellery
 c - a ring of fire
 i - an amulet of magic regeneration (around neck)
 p - a ring of wizardry (left hand)
 y - an amulet of regeneration
 A - a ring of resist corrosion
 I - a ring of poison resistance (right hand)
Wands
 l - a wand of digging (12)
 x - a wand of light (11)
 C - a wand of charming (23)
 E - a wand of polymorph (13)
 J - a wand of flame (23)
Scrolls
 k - 2 scrolls of vulnerability
 q - 6 scrolls of teleportation
 r - 3 scrolls of identify
 u - 3 scrolls of enchant weapon
 B - 2 scrolls of poison
 D - 2 scrolls of fear
 F - 2 scrolls of amnesia
 G - a scroll of summoning
 K - a scroll of torment {unknown}
 L - a scroll of immolation {unknown}
 N - 2 scrolls of blinking
 P - a scroll of fog
 R - a scroll of magic mapping
 S - a scroll of enchant armour
Potions
 b - 5 potions of magic
 d - 4 potions of enlightenment
 j - 3 potions of haste
 m - a potion of berserk rage
 s - 2 potions of resistance
 t - a potion of cancellation
 w - 2 potions of curing
 z - a potion of heal wounds
 H - a potion of might
 O - 2 potions of degeneration {unknown}
Miscellaneous
 Q - a lightning rod (4/4)


   Skills:
 + Level 6.2 Fighting
 + Level 5.4 Armour
 - Level 12.1 Dodging
 - Level 5.5 Stealth
 + Level 11.7 Spellcasting
 - Level 10.2 Transmutations
 * Level 9.3 Earth Magic
 - Level 9.8 Poison Magic


You had 18 spell levels left.
You knew the following spells:

 Your Spells              Type           Power      Damage    Failure   Level
a - Sting                 Tmut/Pois      100%       1d8       1%          1
b - Olgreb's Toxic Radia  Pois           64%        N/A       1%          4
c - Stone Arrow           Conj/Erth      100%       3d13      4%          3
d - Ignite Poison         Fire/Tmut/Pois 52%        N/A       2%          3
e - Mephitic Cloud        Conj/Pois/Air  51%        N/A       9%          3
f - Tukima's Dance        Hex            16%        N/A       32%         3

Your spell library contained the following spells:

 Spells                   Type           Power      Damage    Failure   Level
 Sandblast                Erth           100%       2d20      1%          1
 Passwall                 Tmut/Erth      52%        N/A       1%          2
 Wereblood                Tmut           65%        N/A       1%          2
 Poisonous Vapours        Pois/Air       88%        N/A       2%          2
 Blade Hands              Tmut           32%        N/A       4%          5
 Magic Dart               Conj           96%        1d7       12%         1
 Blink                    Tloc           32%        N/A       16%         2
 Call Imp                 Summ           32%        N/A       16%         2
 Ensorcelled Hibernation  Hex/Ice        32%        N/A       16%         2
 Lesser Beckoning         Tloc           32%        N/A       16%         2
 Momentum Strike          Conj/Tloc      48%        3d9       16%         2
 Sublimation of Blood     Necr           16%        N/A       16%         2
 Portal Projectile        Hex/Tloc       32%        N/A       32%         3
 Swiftness                Air            16%        N/A       32%         3
 Vhi's Electric Charge    Tloc/Air       32%        N/A       32%         3
 Yara's Violent Unravell  Hex/Tmut       22%        3d10      34%         5
 Passage of Golubria      Tloc           16%        N/A       69%         4
 Sticky Flame             Conj/Fire      24%        2d5       69%         4
 Leda's Unmaking          Conj/Erth      29%        9d5       91%         6
 Arcjolt                  Conj/Air       12%        1d22      95%         5
 Iskenderun's Battlesphe  Conj           24%        2d8       95%         5
 Plasma Beam              Fire/Air       8%         2x1d18    100%        6
 Haunt                    Necr/Summ      8%         N/A       100%        7
 Spellforged Servitor     Conj/Summ      12%        N/A       100%        7
 Summon Hydra             Summ           8%         N/A       100%        7
 Ignition                 Fire           8%         3d5       100%        8
 Infestation              Necr           8%         N/A       100%        8
 Chain Lightning          Conj/Air       12%        3d16      100%        9
 Fire Storm               Conj/Fire      12%        8d3       100%        9
 Shatter                  Erth           31%        3d25*     100%        9
 Animate Dead             Necr           Unusable   N/A       N/A         4

Dungeon Overview and Level Annotations

Branches:
Dungeon (12/15)            Temple (1/1) D:6            Lair (0/5) D:8
    Orc (2/2) D:9             Elf (1/3) Orc:2         Sewer (visited)
 Bailey (visited)

Altars:
Ashenzari
Cheibriados
Dithmenos
Elyvilon
Fedhas
Gozag
Hepliaklqana
Kikubaaqudgha
Makhleb
Nemelex Xobeh
Okawaru
Qazlal
Ru
Sif Muna
Trog
Uskayaw
Vehumet
Wu Jian
Xom
Yredelemnul
Zin
The Shining One

Shops:
D:9 *   Orc:2 :(((?(

Annotations:
D:7 Joseph
D:9 2 transporters, lunkers's ghost, novice MeFi


Innate Abilities, Weirdness & Mutations

You are very small and have problems with some larger weapons.
You are too small for most types of armour.
You have supernaturally acute eyesight. (SInv)
You cover ground extremely quickly. (Speed+++)
Your muscles are strong. (Str +4, Int/Dex -1)


Message History

The deep elf archer wields a +0 shortbow.
The deep elf archer shoots an arrow.
The arrow hits you.
Casting: Olgreb's Toxic Radiance (dangerous; 1% risk of failure)
Confirm with . or Enter, or press ? or * to list all spells.
You ignite the poison in your surroundings!
The deep elf archer seems to burn from within!!
The deep elf archer is heavily wounded.
The deep elf zephyrmancer seems to burn from within!!
The deep elf zephyrmancer is severely wounded.
The deep elf archer is poisoned.
The deep elf zephyrmancer is poisoned.
The deep elf zephyrmancer mumbles some strange words.
The deep elf zephyrmancer blinks!
Your toxic radiance grows in intensity.
The deep elf archer looks even sicker. x2
The air elemental hits you but does no damage.
The deep elf archer unwields a +0 shortbow.
The deep elf archer wields a +0 short sword.
The deep elf archer barely misses you.
The air elemental fires a burst of electricity at you.
The stunning burst hits you.
You suddenly lose the ability to move!
The deep elf archer looks as sick as possible!
The deep elf zephyrmancer looks even sicker.
The air elemental fires a burst of electricity at you.
The stunning burst hits you. The air elemental hits you.
The deep elf zephyrmancer casts a spell at you.
The bolt of lightning misses the air elemental.
The bolt of lightning hits you! The bolt of lightning hits you!!
* * * LOW HITPOINT WARNING * * *
You hear a shout! x8
You can move again.
As you read the scroll of fear, it crumbles to dust.
You assume a fearsome visage.
The air elemental is unaffected.
The deep elf archer looks frightened!
The deep elf zephyrmancer looks frightened!
Your attack snaps the deep elf archer out of its fear.
You kill the deep elf zephyrmancer!
The air elemental closely misses you.
The air elemental fires a burst of electricity at you.
The stunning burst hits you!
You shrug off the repeated paralysis!
You die...
Your body crumbles into a pile of gold.

##### .ยง..
#.#####...#
...E
#.......<.#
._..#
######....#
....
#.).......#
.#.
###)#####...#
#$#####)).#
#####
#...#).)###
#eE@### #####


You could see a deep elf archer (repels missiles, extremely poisoned) and an air
elemental.

Vanquished Creatures
  An orc warlord (Orc:2)
  Fannar (D:10)
  An ogre mage (Orc:2)
  Erolcha (Orc:2)
  A two-headed ogre (D:9)
  2 deep elf knights (Elf:1)
  Pikel (D:7)
  2 orc knights (Orc:2)
  6 deep elf zephyrmancers
  4 deep elf pyromancers
  A manticore (D:9)
  An ugly thing (D:7)
  9 orc sorcerers
  A cyclops (D:12)
  A gargoyle (D:10)
  A komodo dragon (D:8)
  6 trolls
  2 hornets (D:7)
  Prince Ribbit (D:5)
  5 slime creatures
  Sigmund (D:3)
  2 shadows
  22 yaks
  3 wyverns
  A vampire (D:10)
  2 wraiths
  3 basilisks (D:8)
  3 vampire mosquitoes (D:10)
  An acid dragon (D:11)
  3 wargs (Orc:2)
  3 sky beasts
  2 swamp drakes
  25 orc warriors
  Pargi (Sewer)
  9 ogres
  2 ice beasts
  2 black bears
  4 centaurs
  6 wolves (Bailey)
  3 lemures (D:7)
  3 kobold brigands
  Blork the orc (D:6)
  4 bullfrogs
  9 gnoll sergeants
  2 scorpions (D:5)
  4 killer bees (D:9)
  2 electric eels (D:12)
  7 howler monkeys
  A crimson imp (Orc:1)
  4 hounds
  A quasit (D:6)
  3 jellies
  21 orc priests
  7 gnoll boudas
  4 iron imps
  2 sleepcaps
  5 iguanas
  Ijyb (D:3)
  48 orc wizards
  10 adders
  29 gnolls
  A river rat (D:3)
  5 shadow imps
  7 white imps
  6 ufetubi (D:6)
  3 dart slugs
  97 orcs
  9 ball pythons
  5 bats
  5 endoplasms
  6 giant cockroaches
  14 goblins
  6 hobgoblins
  4 jackals (D:2)
  2 quokkas (D:5)
  9 frilled lizards
  14 kobolds
  7 rats
514 creatures vanquished.

Vanquished Creatures (collateral kills)
  A wight (D:7)
1 creature vanquished.

Vanquished Creatures (others)
  A dancing weapon (Orc:2)
1 creature vanquished.

Grand Total: 516 creatures vanquished

Notes
Turn   | Place    | Note
-------+----------+-------------------------------------------
     0 | D:1      | Pimp the Spriggan Venom Mage began the quest for the Orb.
     0 | D:1      | Reached XP level 1. HP: 9/9 MP: 5/5
   270 | D:1      | Reached XP level 2. HP: 13/13 MP: 4/6
   325 | D:1      | Reached skill level 3 in Dodging
  1414 | D:2      | Identified a scroll of acquirement
  1414 | D:2      | Acquired a staff of poison
  1531 | D:2      | Reached XP level 3. HP: 16/16 MP: 0/8
  1780 | D:2      | Found a faded altar of an unknown god.
  1814 | D:2      | Found a burning altar of Makhleb.
  1842 | D:2      | Reached XP level 4. HP: 21/21 MP: 7/10
  2140 | D:3      | Noticed Sigmund
  2211 | D:3      | Learned a level 4 spell: Olgreb's Toxic Radiance
  2223 | D:3      | Killed Sigmund
  2224 | D:3      | Reached skill level 4 in Dodging
  2224 | D:3      | Reached skill level 5 in Stealth
  2224 | D:3      | Reached XP level 5. HP: 4/24 MP: 7/12
  2432 | D:3      | Noticed Ijyb
  2443 | D:3      | Killed Ijyb
  2444 | D:3      | Reached XP level 6. HP: 23/28 MP: 6/13
  2557 | D:3      | Found a glowing drain.
  2566 | Sewer    | Entered a sewer
  2621 | Sewer    | Noticed Pargi
  2631 | Sewer    | Killed Pargi
  3241 | D:3      | Found a shimmering altar of Xom.
  3265 | D:3      | Acquired the +0 hat "Rihostyk" {Will+ Regen+ Int+2}
  3405 | D:4      | Found an ornate altar of the Wu Jian Council.
  3478 | D:4      | Reached skill level 5 in Dodging
  3573 | D:4      | Reached XP level 7. HP: 32/32 MP: 12/15
  3774 | D:4      | Reached skill level 1 in Fighting
  3774 | D:4      | Reached skill level 5 in Spellcasting
  3864 | D:4      | Found a blossoming altar of Fedhas.
  4228 | D:5      | Entered Level 5 of the Dungeon
  4247 | D:5      | Reached skill level 5 in Transmutations
  4434 | D:5      | Reached skill level 5 in Poison Magic
  4494 | D:5      | Reached skill level 6 in Dodging
  4494 | D:5      | Reached XP level 8. HP: 27/39 MP: 15/17
  4849 | D:5      | Noticed Prince Ribbit
  4860 | D:5      | Killed Prince Ribbit
  5592 | D:6      | Found a staircase to the Ecumenical Temple.
  5608 | Temple   | Entered the Ecumenical Temple
  5704 | Temple   | Became a worshipper of Gozag Ym Sagoz the Greedy
  5888 | D:6      | Noticed Blork the orc
  5901 | D:6      | Killed Blork the orc
  5902 | D:6      | Reached skill level 7 in Dodging
  6393 | D:7      | Noticed Pikel
  6405 | D:7      | Killed Pikel
  6406 | D:7      | Reached XP level 9. HP: 27/44 MP: 5/20
  6491 | D:7      | Noticed Joseph
  6498 | D:7      | HP: 2/44 [Joseph/bolt of light (20)]
  6545 | D:7      | Reached skill level 8 in Dodging
  6611 | D:7      | Noticed a white ugly thing
  6629 | D:7      | Killed a white ugly thing
  6764 | D:7      | Learned a level 3 spell: Stone Arrow
  7294 | D:7      | Found a burning altar of Makhleb.
  7391 | D:7      | Reached skill level 9 in Dodging
  7391 | D:7      | Reached XP level 10. HP: 51/51 MP: 12/23
  7489 | D:8      | Gained mutation: Potions are less effective at restoring
                  | your health. [potion of mutation]
  7489 | D:8      | Gained mutation: You are somewhat resistant to further
                  | mutation. [potion of mutation]
  7498 | D:8      | Reached skill level 1 in Earth Magic
  7776 | D:8      | Found an ancient bone altar of Kikubaaqudgha.
  7852 | D:8      | Reached skill level 1 in Armour
  8641 | D:8      | Found a staircase to the Lair.
  8795 | D:9      | Reached skill level 10 in Dodging
  8800 | D:9      | Noticed a two-headed ogre
  8966 | D:9      | Found a transporter.
  8969 | D:9      | Noticed lunkers's ghost (novice MeFi)
  8973 | D:9      | Noticed a two-headed ogre
  8974 | D:9      | Identified the +0 dire flail of Royalism {freeze, Int+2}
  8974 | D:9      | Noticed a two-headed ogre
  8975 | D:9      | Noticed a two-headed ogre
  8975 | D:9      | Noticed a two-headed ogre
  8978 | D:9      | Found a transporter.
  8978 | D:9      | Noticed a two-headed ogre
  8997 | D:9      | Reached skill level 5 in Fighting
  9049 | D:9      | Reached XP level 11. HP: 54/55 MP: 16/24
  9070 | D:9      | Found a flagged portal.
  9079 | Bailey   | Entered a bailey
  9349 | Bailey   | Learned a level 3 spell: Ignite Poison
  9580 | D:9      | Killed a two-headed ogre
  9581 | D:9      | Reached skill level 11 in Dodging
  9647 | D:9      | Found Udabul's Demolitions Depot.
  9657 | D:9      | Bought a book of Power for 504 gold pieces
  9657 | D:9      | Bought a book of Annihilations for 720 gold pieces
  9666 | D:9      | Learned a level 3 spell: Mephitic Cloud
  9670 | D:9      | Learned a level 3 spell: Tukima's Dance
  9709 | D:9      | Found a staircase to the Orcish Mines.
 10627 | D:10     | Entered Level 10 of the Dungeon
 10842 | D:10     | Reached skill level 5 in Earth Magic
 10936 | D:10     | Reached skill level 10 in Transmutations
 11135 | D:10     | Noticed Fannar
 11141 | D:10     | Killed Fannar
 11148 | D:10     | Reached skill level 12 in Dodging
 11791 | D:11     | Reached XP level 12. HP: 60/60 MP: 17/26
 11846 | D:11     | Lost mutation: Potions are less effective at restoring your
                  | health. [potion of mutation]
 11846 | D:11     | Lost mutation: You are somewhat resistant to further
                  | mutation. [potion of mutation]
 11846 | D:11     | Gained mutation: Your spells are a little harder to cast,
                  | but a little more powerful. [potion of mutation]
 11846 | D:11     | Lost mutation: Your spells are a little harder to cast, but
                  | a little more powerful. [potion of mutation]
 11846 | D:11     | Gained mutation: Your muscles are strong. (Str +4, Int/Dex
                  | -1) [potion of mutation]
 12563 | D:12     | Reached skill level 10 in Spellcasting
 12910 | D:9      | Bought the staff of conjuration "Ihuen" {Will- Int+7} for
                  | 300 gold pieces
 12960 | Orc:1    | Entered Level 1 of the Orcish Mines
 13713 | Orc:2    | Entered Level 2 of the Orcish Mines
 13900 | Orc:2    | Found a staircase to the Elven Halls.
 14120 | Orc:2    | Found Hoeleig's Antique Weapon Shop.
 14147 | Orc:2    | Noticed an orc warlord
 14523 | Orc:2    | Killed an orc warlord
 14828 | Orc:2    | Found Tejaaso's Magic Scroll Boutique.
 14874 | Orc:2    | Found a radiant altar of Vehumet.
 14874 | Orc:2    | Noticed Erolcha
 14879 | Orc:2    | Killed Erolcha
 14971 | Orc:2    | Found Ekuofoc's Antique Weapon Shop.
 14985 | Orc:2    | Noticed an ogre mage
 14988 | Orc:2    | Killed an ogre mage
 14989 | Orc:2    | Reached skill level 5 in Armour
 14989 | Orc:2    | Reached XP level 13. HP: 65/65 MP: 19/29
 15033 | Orc:2    | Found an ancient bone altar of Kikubaaqudgha.
 15069 | Orc:2    | Bought a scroll of fear for 52 gold pieces
 15069 | Orc:2    | Bought a scroll of blinking for 97 gold pieces
 15069 | Orc:2    | Bought a scroll of poison for 52 gold pieces
 15069 | Orc:2    | Bought a scroll of teleportation for 39 gold pieces
 15186 | Orc:2    | Found Segeaf's Antique Weapon Boutique.
 15213 | Orc:2    | Found Ygru's Book Boutique.
 15231 | Orc:2    | Bought a book of Death for 484 gold pieces
 15340 | Orc:2    | Found Bytrudul's Weapon Shoppe.
 15590 | Elf:1    | Entered Level 1 of the Elven Halls
 15624 | Elf:1    | Found a radiant altar of Vehumet.
 15638 | Elf:1    | Paralysed by an air elemental for 1 turns
 15640 | Elf:1    | Killed from afar by an air elemental

Illustrated notes

Levels and vault maps discovered:
D:1:      scummos_arrival_star, layout_basic
D:2:      layout_basic, basic_altar, basic_ecumenical_altar, grunt_decor_cap
D:3:      layout_basic, mainiacjoe_overflow_alcove_1, portal_sewer_entry_b,
          minmay_close_crescents, uniq_ijyb, uniq_sigmund
D:4:      layout_loops_corners, mainiacjoe_overflow_paths,
          nicolae_wu_jian_glorious_leap, kennysheep_flooded_box,
          guppyfry_early_lair_pool
D:5:      layout_layer_cave, nicolae_eternal_life, uniq_prince_ribbit1
D:6:      layout_cave_pools, minmay_temple_entry_water_ring, serial_demonic,
          serial_demonic_e, serial_demonic_g, serial_demonic_g,
          serial_demonic_d, serial_demonic_d, serial_demonic_f,
          serial_demonic_a, serial_demonic_a, minmay_lizard_king,
          uniq_blork_the_orc
D:7:      hangedman_cross_stitches, layout_rooms, demons_altar, minivault_27,
          uniq_joseph, uniq_pikel
D:8:      layout_basic, mainiacjoe_overflow_small_starburst, erik_lair_dragon
D:9:      layout_basic, david_orc_5, enter_bailey_5, gammafunk_ghost_smash,
          wad_woods_river_04, grunt_ministairs_13,
          chequers_serial_rivers_room_a, minmay_misc_feat_four_crosses,
          nicolae_blasting_shop
D:10:     layout_rooms, hangedman_decor_diamond_cutter, uniq_fannar
D:11:     layout_roguey
D:12:     layout_irregular_city, chequers_big_river
Temple:   minmay_temple_bridge_d
Orc:1:    layout_caves, hangedman_minor_magic
Orc:2:    kennysheep_orc_mage_school, layout_caves, serial_shops,
          nicolae_shop_back_alley_shop, shop
Elf:1:    eino_elf_arrival_altar, layout_loops_corners, ebering_ghost_gozag,
          hangedman_elf_disciples, uniq_nikola

Skill      XL: |  1  2  3  4  5  6  7  8  9 10 11 12 13 |
---------------+----------------------------------------+-----
Dodging        | 3 4 5 6 7 9 10 12 | 12.1
Spellcasting   | 3 4 5 7 8 9 11 | 11.7
Transmutations | 2 3 4 5 7 8 9 10 | 10.2
Stealth        | 4 5 |  5.5
Poison Magic   | 4 5 6 7 8 9 |  9.8
Fighting       | 2 3 4 5 6 |  6.2
Earth Magic    | 3 5 8 9 |  9.3
Armour         | 2 3 5 |  5.4

Action                     |  1- 3 |  4- 6 |  7- 9 | 10-12 | 13-15 || total
---------------------------+-------+-------+-------+-------+-------++-------
  Melee: Unarmed           |     8 |       |       |       |       ||     8
         Punch             |     1 |       |       |       |       ||     1
         Staff             |     1 |     2 |    11 |    89 |       ||   103
   Cast: Sting             |    73 |    86 |   219 |     9 |       ||   387
         Olgreb's Toxic Ra |       |     8 |    50 |   251 |    22 ||   331
         Stone Arrow       |       |       |     6 |    92 |     4 ||   102
         Ignite Poison     |       |       |       |    58 |    12 ||    70
         Tukima's Dance    |       |       |       |     2 |       ||     2
  Evoke: Wand              |       |       |    14 |       |       ||    14
    Use: Scroll            |     1 |     1 |    12 |     7 |     1 ||    22
         Potion            |       |       |     1 |     2 |       ||     3
 Armour: Robe              |       |     1 |    14 |     7 |       ||    22
         Fire dragon scale |       |       |       |       |     1 ||     1
  Dodge: Dodged            |    27 |    37 |   150 |    94 |    10 ||   318

Table legend: (Time is in decaauts)
 A = Elapsed time spent in this place.
 B = Non-inter-level travel time spent in this place.
 C = Inter-level travel time spent in this place.
 D = Time resting spent in this place.
 E = Time spent auto-exploring this place.
 F = Levels seen in this place.
 G = Mean time per level.
                   A        B        C        D        E       F      G
               +--------+--------+--------+--------+--------+-----+--------+
         Total |  11412 |  10803 |    609 |   1158 |   6595 |  18 |  634.0 |
       Dungeon |   8724 |   8224 |    500 |    627 |   5422 |  12 |  727.0 |
        Temple |    101 |     38 |     63 |      0 |     34 |   1 |  101.0 |
  Orcish Mines |   2085 |   2040 |     45 |    486 |    975 |   2 | 1042.5 |
   Elven Halls |     41 |     41 |      0 |      2 |      0 |   1 |   41.0 |
         Sewer |    140 |    140 |      0 |      0 |     86 |   1 |  140.0 |
        Bailey |    318 |    318 |      0 |     42 |     77 |   1 |  318.0 |
               +--------+--------+--------+--------+--------+-----+--------+

Top non-repeatable levels by time:
   Orc:2: 1180 daAuts
     D:8: 1055 daAuts
     D:9: 1053 daAuts
     D:1: 1016 daAuts
   Orc:1: 905 daAuts
     D:5: 850 daAuts
     D:3: 752 daAuts
     D:7: 751 daAuts
    D:10: 728 daAuts
     D:4: 643 daAuts
     D:6: 515 daAuts
    D:12: 486 daAuts
     D:2: 476 daAuts
    D:11: 394 daAuts
  Bailey: 318 daAuts
